 Dungeon Crawl Stone Soup version 0.16-a0-3476-g5f3739d (webtiles) character file.

191 Econoterrorist the Ruffian (level 5, -3/50 HPs)
             Began as a Troll Monk on Dec 31, 2014.
             Killed by divine providence
             ... invoked by an orc priest
              (16 damage)
             ... on level 3 of the Dungeon on Jan 2, 2015.
             The game lasted 00:09:44 (1863 turns).

Econoterrorist the Ruffian (Troll Monk)             Turns: 1863, Time: 00:09:44

Health: -3/50      AC:  5    Str: 19    XL:     5   Next: 41%
Magic:  2/2        EV: 10    Int:  7    God:
Gold:   94         SH:  0    Dex: 12    Spells: 0 memorised, 4 levels left

rFire  . . .     SeeInvis .       - Unarmed
rCold  . . .     Clarity  .     a - +0 robe
rNeg   . . .     SustAb   .     (shield restricted)
rPois  .         Gourm    +     (helmet restricted)
rElec  .         Spirit   .     (no cloak)
rCorr  .         Warding  .     (gloves unavailable)
rMut   .         Stasis   +     (boots unavailable)
MR     .....                    o - amulet of stasis
Stlth  +.........               (no ring)
                                (no ring)

@: not resistant to hostile enchantments, very unstealthy
A: unfitting armour, claws 3, fast metabolism 3, gourmand, regeneration 2,
shaggy fur 1, tough skin 2
a: no special abilities


You were on level 3 of the Dungeon.
You were very full.

You visited 1 branch of the dungeon, and saw 3 of its levels.

You collected 94 gold pieces.

Inventory:

Armour
 a - a +0 robe (worn)
Jewellery
 o - an amulet of stasis (around neck)
Scrolls
 c - a scroll of identify {unknown}
 e - a scroll of teleportation {unknown}
 g - a scroll of amnesia {unknown}
 m - 3 scrolls of enchant armour {unknown}
 n - a scroll of random uselessness {unknown}
 s - a scroll of recharging {unknown}
Potions
 d - 3 potions of curing {unknown}
 f - a potion of experience {unknown}
 j - 2 potions of ambrosia {unknown}
 l - a potion of haste {unknown}
 r - a potion of flight {unknown}
Comestibles
 b - 3 meat rations
 h - 10 chunks of flesh
 i - 4 bread rations
 k - 3 fruits
 p - a royal jelly
 q - a beef jerky


   Skills:
 - Level 2.4 Fighting
 - Level 2.4 Dodging
 - Level 1.1 Stealth
 + Level 6.8 Unarmed Combat


You had 4 spell levels left.
You didn't know any spells.

Dungeon Overview and Level Annotations

Branches:
Dungeon (3/15)

Altars:
Okawaru


Innate Abilities, Weirdness & Mutations

You are too large for most types of armour.
You have claws for hands.
Your metabolism is lightning-fast.
You like to eat raw meat.
You heal very quickly.
You are covered in fur (AC +1).
You have very tough skin (AC +2).


Message History

The orc hits you but does no damage.
You scratch the orc.
You kill the orc!
You barely miss the orc. The orc hits you but does no damage.
You claw the orc!
You kill the orc!
You barely miss the orc. The orc misses you. The orc hits you with a mace.
You scratch the orc priest but do no damage.
The orc priest mumbles some strange prayers to Beogh against you.
Something smites you!
* * * LOW HITPOINT WARNING * * *
The orc hits you with a mace.
* * * LOW HITPOINT WARNING * * *
You scratch the orc priest.
The orc priest begins to bleed from its wounds!
The orc priest is lightly wounded.
The orc priest mumbles some strange prayers to Beogh against you.
Something smites you!
You die...

####. ....... ....... ###......#
. #....... . #.. ###### #.##..#
.. #...##....####.#...#
.................o....#
...######....##.@o#..[#
..................#...o......
####...########...#..###....
..##...# ###...#..# ...
#.#....######...###..# .
.......+...##...# #..# ###+####
.......#........# #..###......#
#..#####......### #...##.#....###
......##......#####.............#


You could see an orc priest (bleeding) and an orc.

Vanquished Creatures
  2 orc priests (D:3)
  2 adders (D:2)
  4 gnolls (D:2)
  A giant mite (D:1)
  A worm (D:2)
  2 oozes (D:1)
  4 orcs (D:3)
  3 ball pythons
  5 giant cockroaches
  9 hobgoblins
  2 jackals (D:1)
  10 bats
  A giant newt (D:3)
  2 goblins (D:2)
  5 kobolds
  A quokka (D:2)
  6 rats
60 creatures vanquished.

Notes
Turn   | Place    | Note
--------------------------------------------------------------
     0 | D:1      | Econoterrorist, the Troll Monk, began the quest for the Orb.
     0 | D:1      | Reached XP level 1. HP: 22/22 MP: 1/1
     2 | D:1      | Upgraded the game from 0.16-a0-3367-g7c1b4ff to 0.16-a0-3476-g5f3739d
   196 | D:1      | Reached XP level 2. HP: 26/29 MP: 1/1
   449 | D:1      | Reached skill level 5 in Unarmed Combat
   459 | D:1      | Reached XP level 3. HP: 36/36 MP: 2/2
  1046 | D:2      | Reached XP level 4. HP: 35/44 MP: 2/2
  1197 | D:2      | Reached skill level 6 in Unarmed Combat
  1735 | D:3      | Found an iron altar of Okawaru.
  1744 | D:3      | Reached XP level 5. HP: 45/50 MP: 2/2
  1863 | D:3      | Killed from afar by an orc priest

Action                   |  1- 3 |  4- 6 || total
-------------------------+-------+-------++-------
Melee: Unarmed           |    88 |    76 ||   164
  Eat: Chunk             |    15 |     7 ||    22
